[Event "Early-Titled-Tuesday-Blitz-February-20-2024"]
[Site "Chess.com"]
[Date "2024.02.20"]
[Round "6"]
[White "WilsonPalencia21"]
[Black "Rodalquilar"]
[Result "0-1"]
[WhiteElo "2537"]
[BlackElo "2755"]
[TimeControl "180+1"]
[EndTime "9:09:19 PST"]
[Termination "Rodalquilar won by resignation"]

1. d4 d5 2. c4 e6 3. Nf3 Nf6 4. Nc3 a6 5. cxd5 exd5 6. Bg5 Be6 7. e3 Nbd7 8. Bd3 Bd6 9. Bf4 Qe7 10. O-O h6 11.
Qc2 c6 12. Na4 O-O 13. Bxd6 Qxd6 14. Nc5 Nxc5 15. Qxc5 Qxc5 16. dxc5 a5 17. a4 Nd7 18.
Rfc1 Bg4 19. Nd4 Ne5 20. Bf1 Rfe8 21. Ra3 Rad8 22. h3 Be6 23. Rb3 Bc8 24. Rbc3 Bd7 25.
Rb3 Bc8 26. Rbc3 Bd7 27. f4 Ng6 28. Kf2 Ne7 29. Bd3 Kf8 30. Rb3 Bc8 31. Rb6 Ng8 32. Nb3 Nf6 33. Nxa5 d4 34. e4 Nxe4+ 35. Bxe4 Rxe4 36.
Nxb7 Bxb7 37. Rxb7 d3 38. Rd1 Rxa4 39. Ke3 Re8+ 40.
Kxd3 Rxf4 41. Rd2 Re5 42. b4 Ree4 43. Kc3 g5 44. Rd3 Kg7 45. Rf3 Rxf3+ 46. gxf3 Re3+ 47. Kc4 Rxf3 48. b5 Rf4+ 49. Kc3 cxb5 50. c6 Rc4+ 51.
Kd3 Rxc6 52. Rxb5 Rf6 0-1

[Event "Early-Titled-Tuesday-Blitz-February-20-2024"]
[Site "Chess.com"]
[Date "2024.02.20"]
[Round "6"]
[White "ClaudiaSof"]
[Black "Bilan_Danila"]
[Result "0-1"]
[WhiteElo "2322"]
[BlackElo "2477"]
[TimeControl "180+1"]
[EndTime "9:09:19 PST"]
[Termination "Bilan_Danila won on time"]

1. d4 d5 2. Bf4 Nf6 3. e3 c5 4. c3 Nc6 5. Nd2 Qb6 6. Qb3 c4 7. Qc2 Nh5 8. Bg3 Nxg3 9. hxg3 g6 10. e4 e6 11. e5 Bg7 12. Ngf3 Qd8 13. Be2 b5 14. a3 Bd7 15. Nf1 a5 16. Ne3 b4 17.
axb4 axb4 18. O-O O-O 19. Qd2 bxc3 20. bxc3 Na5 21. Ng4 h5 22. Ngh2 Qe7 23. Qf4 Nb3 24.
Rxa8 Rxa8 25. g4 hxg4 26. Nxg4 Ra2 27. Bd1 Ra1 28. Nh6+ Kf8 29. Ng4 Ke8 30. g3 Kd8 31.
Ng5 Be8 32. Be2 Rxf1+ 33. Bxf1 Kc7 34. Nh7 Kb6 35. Nhf6 Bc6 36. Qe3 Qa3 37. Kg2 Qc1 38. Qf3 Nd2 39. Qe2 Qxc3 40. Qe3 Qxe3 41. fxe3 Nxf1 42.
Kxf1 c3 43. Ke2 Bb5+ 44. Kd1 Ba4+ 45. Kc1 Bf8 0-1

[Event "Early-Titled-Tuesday-Blitz-February-20-2024"]
[Site "Chess.com"]
[Date "2024.02.20"]
[Round "6"]
[White "Szparu"]
[Black "Sina_Movahed"]
[Result "0-1"]
[WhiteElo "2780"]
[BlackElo "2963"]
[TimeControl "180+1"]
[EndTime "9:09:20 PST"]
[Termination "Sina_Movahed won on time"]

1. e4 c5 2. c3 Nf6 3. e5 Nd5 4. d4 cxd4 5. Nf3 e6 6. cxd4 b6 7. Bd2 Bb7 8. Nc3 Nxc3 9. Bxc3 Be7 10. Bd3 O-O 11. h4 h6 12. h5 d6 13. O-O Nd7 14. Qe2 dxe5 15. dxe5 Nc5 16. Bc4 Qc7 17. Rac1 Rac8 18. Bd2 Qb8 19. Bf4 Rfd8 20. Qe3 Bf8 21. Nh2 Bd5 22. Be2 Ne4 23. Ng4 Rxc1 24. Rxc1 Rc8 25. Bd3 Rxc1+ 26. Qxc1 Qd8 27. Bxh6 Qh4 28. Bxe4 Bxe4 29. Qg5 Qxg5 30. Bxg5 Bb1 31. a3 b5 32. h6 gxh6 33. Bxh6 Be7 34. Be3 a5 35. Bb6 a4 36.
Ba5 Kg7 37. Bc3 Kg6 38. Kf1 Bd3+ 39. Ke1 Bc5 40. Nf6 Kf5 41. Ne8 Kg6 42. Nd6 f5 43. g3 Kh5 44. Ne8 Kg4 45. Bb4 Bb6 46. Nf6+ Kf3 47. Nd7 Bxf2+ 48. Kd2 Bc4 49. Nc5 Bxg3 50.
Bc3 f4 0-1

[Event "Early-Titled-Tuesday-Blitz-February-20-2024"]
[Site "Chess.com"]
[Date "2024.02.20"]
[Round "6"]
[White "Muracle"]
[Black "IMRosen"]
[Result "0-1"]
[WhiteElo "2482"]
[BlackElo "2665"]
[TimeControl "180+1"]
[EndTime "9:09:21 PST"]
[Termination "IMRosen won on time"]

1. Nf3 d5 2. b3 Nf6 3. Bb2 Bg4 4.
e3 Nbd7 5. h3 Bh5 6. Be2 e6 7.
O-O Bd6 8. c4 c6 9. d4 Qb8 10.
Nc3 O-O 11. Qc2 a5 12. a3 Re8 13. c5 Bc7 14. b4 e5 15. b5 e4 16. Nd2 Qd8 17. Qd1 Bxe2 18. Qxe2 Nf8 19. a4 h6 20. Rfb1 Ng6 21. g3 h5 22. Kg2 h4 23. g4 Nh7 24.
Rh1 Ng5 25. Kf1 Rf8 26. Ke1 Qd7 27. Kd1 f5 28. gxf5 Qxf5 29. Kc2 Qxf2 30. Qh5 Nf3 31. Rad1 Rf6 32. Nxd5 cxd5 33. Qxd5+ Rf7 34. Qxb7 Re8 35. Qd5 Qxe3 36. Nc4 Qe2+ 37. Kb1 Bf4 38. b6 Ne7 39. Qh5 Nd2+ 40. Nxd2 Qxh5 41. Nxe4 Qf5 42. Rhe1 Nd5 43. b7 Rxb7 44. c6 Rxb2+ 0-1

[Event "Early-Titled-Tuesday-Blitz-February-20-2024"]
[Site "Chess.com"]
[Date "2024.02.20"]
[Round "6"]
[White "Kapitan_Bayan"]
[Black "viktorgen2021"]
[Result "0-1"]
[WhiteElo "2354"]
[BlackElo "2540"]
[TimeControl "180+1"]
[EndTime "9:09:22 PST"]
[Termination "viktorgen2021 won on time"]

1. e4 g6 2. d4 Bg7 3. c4 d6 4. Nc3 Nf6 5. f4 O-O 6. Nf3 Na6 7. Be2 c5 8. e5 Nd7 9. dxc5 Naxc5 10. exd6 exd6 11. Qxd6 Re8 12. Ne5 Bf8 13. Qd5 Qf6 14.
O-O Nb6 15. Qf3 Be6 16. Be3 Ncd7 17. Ne4 Qg7 18. Bd4 f6 19. Nxd7 Nxd7 20. Rad1 Rad8 21. Bc3 Bf5 22. Bd3 Qf7 23. g4 Bxe4 24. Bxe4 Bc5+ 25.
Kg2 Nb6 26. Bd5 Nxd5 27. Rxd5 Rxd5 28. Qxd5 Re2+ 29. Kg3 Qxd5 30. cxd5 Kf7 31. Rd1 Bd6 32. Kf3 Rxh2 33. a3 g5 34. fxg5 fxg5 35. Rf1 Ke7 36. Ke3 Bf4+ 37. Ke4 h5 38. Bb4+ Kd7 39. d6 hxg4 40. Rc1 Bxc1 41. Bc5 Bf4 0-1

[Event "Early-Titled-Tuesday-Blitz-February-20-2024"]
[Site "Chess.com"]
[Date "2024.02.20"]
[Round "6"]
[White "AlexanderKing"]
[Black "PedroGil25"]
[Result "0-1"]
[WhiteElo "2628"]
[BlackElo "2491"]
[TimeControl "180+1"]
[EndTime "9:09:23 PST"]
[Termination "PedroGil25 won by resignation"]

1. c4 c5 2. Nf3 Nc6 3. d4 cxd4 4. Nxd4 Nf6 5. Nc3 e6 6. g3 Bb4 7. Nb5 d5 8. cxd5 exd5 9. a3 Ba5 10. b4 Bb6 11. Na4 Ne4 12. Nxb6 Qxb6 13. e3 O-O 14. Qxd5 Nf6 15. Qc5 Qd8 16. Qd6 a5 17. Qxd8 Rxd8 18. Nc7 Rb8 19. b5 Ne5 20. Be2 Bh3 21. f4 Nd3+ 22.
Bxd3 Rxd3 23. Ra2 Bg4 24. Kf2 Rc8 25. b6 Ne4+ 26. Kg2 Rb3 27. Rb2 Rxa3 28. h3 Bd7 29. g4 Bc6 30. Kh2 Rc3 31. Rd1 a4 32. Ra2 h5 33.
gxh5 Rb3 34. h6 Rxb6 35. Nd5 Bxd5 36. Rxd5 Rxc1 37. Rg2 g6 38. f5 Rc8 39. Re5 Nc3 40. Ra5 Kh7 41. fxg6+ Rxg6 42. Rc2 Rgc6 43. h4 b5 44. Kg3 b4 45. Kf3 b3 46. Rxc3 Rxc3 47. Rxa4 b2 48. Rb4 Rc2 49. Kf4 Rd8 50. e4 Rd1 51. Rb7 b1=Q 52. Rxf7+ Kxh6 53. Rf5 Qc1+ 54. Ke5 Rc5+ 55. Kf6 Rxf5+ 56. exf5 Qc6+ 0-1

[Event "Early-Titled-Tuesday-Blitz-February-20-2024"]
[Site "Chess.com"]
[Date "2024.02.20"]
[Round "6"]
[White "marsofsilva"]
[Black "Cambek64"]
[Result "0-1"]
[WhiteElo "2181"]
[BlackElo "2475"]
[TimeControl "180+1"]
[EndTime "9:09:24 PST"]
[Termination "Cambek64 won on time"]

1. d4 d6 2. Nf3 Nf6 3. c4 g6 4. g3 Bg7 5. Bg2 O-O 6. Nc3 Nbd7 7. O-O e5 8. e4 c6 9. h3 exd4 10. Nxd4 Re8 11. Re1 a5 12. Rb1 Nc5 13. b3 Nfd7 14. Be3 Qb6 15. Qd2 Ne5 16. f4 Ned3 17. Red1 Qb4 18. Nde2 a4 19. Bxc5 Qxc5+ 20. Kh2 Nb4 21. Qxd6 Qxd6 22. Rxd6 axb3 23. axb3 Bf8 24. Rd2 Bc5 25.
Rbd1 Be6 26. Nd4 Bxd4 27. Rxd4 Ra3 28. Na4 Rxb3 29. Nc5 Rb2 30. Nxe6 Rxe6 31. Rd8+ Kg7 32. e5 Na6 33. R8d7 Nc5 34. Rc7 h5 35. Kg1 h4 36.
g4 Re8 37. Rd6 Ra8 38. Rd1 Raa2 39. Bf3 Rf2 0-1

[Event "Early-Titled-Tuesday-Blitz-February-20-2024"]
[Site "Chess.com"]
[Date "2024.02.20"]
[Round "6"]
[White "JoliyRoger"]
[Black "Makswolf200817"]
[Result "0-1"]
[WhiteElo "2533"]
[BlackElo "2751"]
[TimeControl "180+1"]
[EndTime "9:09:25 PST"]
[Termination "Makswolf200817 won on time"]

1. d4 Nf6 2. c4 e6 3. Nc3 Bb4 4. a3 Bxc3+ 5. bxc3 d6 6. f3 c5 7. e4 Nc6 8. Bg5 h6 9. Be3 b6 10. Ne2 e5 11. d5 Na5 12. Ng3 Ng8 13. Bd3 g6 14. O-O h5 15. f4 f6 16. Rf2 Kd7 17.
h4 Kc7 18. f5 Qe8 19. fxg6 Qxg6 20. Nf5 Bxf5 21. exf5 Qf7 22. Qf3 Nh6 23. Rff1 Rag8 24. Qe2 Rg4 25. Bf2 Rhg8 26. g3 Rxh4 27. Kg2 Rhg4 28.
Rh1 h4 29. Rh3 Qg7 30. Rah1 Qg5 31. Be4 Nxf5 32. Bxf5 Qxf5 33. Rxh4 Nxc4 34. Rxg4 Qxg4 35. Rh7+ Kb8 36. Qxg4 Rxg4 37. Kf3 Rg8 38. g4 Nxa3 39. Bh4 Nb1 40. c4 Nd2+ 41. Ke3 Nxc4+ 42. Ke4 Nd2+ 43. Kf5 Nf3 44. Bxf6 Nd4+ 45. Ke4 Rxg4+ 46. Ke3 a5 47.
Be7 Nf5+ 48. Kf3 Rf4+ 0-1

[Event "Early-Titled-Tuesday-Blitz-February-20-2024"]
[Site "Chess.com"]
[Date "2024.02.20"]
[Round "6"]
[White "Genghis_K"]
[Black "artooon"]
[Result "1/2-1/2"]
[WhiteElo "2936"]
[BlackElo "3051"]
[TimeControl "180+1"]
[EndTime "9:09:26 PST"]
[Termination "Game drawn by repetition"]

1. e4 e5 2. Nf3 Nc6 3. d4 exd4 4. Nxd4 Nf6 5. Nxc6 bxc6 6. Bd3 d5 7. exd5 cxd5 8. O-O Be7 9. c4 c6 10. cxd5 cxd5 11. Nc3 O-O 12. Be3 Be6 13. h3 Nd7 14. Ne2 Ne5 15. Bd4 Bf6 16. Rc1 Re8 17. Bb1 Nc4 18. b3 Nd6 19. Nf4 Bg5 20. Qf3 Bh6 21. Rcd1 Ne4 22. Rfe1 Qh4 23. g3 Ng5 24. Bxh7+ Kh8 25.
Qg2 Nxh3+ 26. Nxh3 Qxh3 27. Qxh3 Bxh3 28. Bd3 Bg4 29.
Rb1 a5 30. Kg2 Bd2 31. Rh1+ Kg8 32. Rh4 Be6 33. Rbh1 f5 34. f4 Kf7 35. Rh7 Rg8 36. R1h6 Rac8 37. Rf6+ Ke7 38. Rg6 Bc3 39. Be5 Bxe5 40.
fxe5 Rc3 41. Bb5 Kf7 42. Rf6+ Ke7 43. Rg6 Rc2+ 44. Kf3 Kf7 45. Rf6+ Ke7 46. Rg6 Kf7 47. Rf6+ Ke7 48. Rg6 1/2-1/2

[Event "Early-Titled-Tuesday-Blitz-February-20-2024"]
[Site "Chess.com"]
[Date "2024.02.20"]
[Round "6"]
[White "bancsoo"]
[Black "Fighterman91"]
[Result "0-1"]
[WhiteElo "2895"]
[BlackElo "2786"]
[TimeControl "180+1"]
[EndTime "9:09:26 PST"]
[Termination "Fighterman91 won on time"]

1. Nf3 d5 2. g3 Nd7 3. d4 Nb6 4. Nc3 c6 5. Bg2 Bf5 6. a4 e6 7. a5 Nd7 8. a6 b5 9. O-O Ngf6 10. Ne5 Nxe5 11. dxe5 b4 12. exf6 bxc3 13. fxg7 Bxg7 14. bxc3 O-O 15. Ba3 Re8 16. Bc5 Bxc3 17. Ra3 Bg7 18. Qd2 Qc7 19. Rb1 Reb8 20. Rab3 Rxb3 21. Rxb3 Rb8 22. h3 Bf8 23. Qg5+ Bg6 24. Bd4 Bg7 25. Bxg7 Kxg7 26. Qe3 Rxb3 27. cxb3 c5 28. Qc3+ d4 29. Qc4 Qb6 30. Bb7 Qb4 31. Qxb4 cxb4 32. Bc6 Bc2 33. Ba4 d3 34. exd3 Bxd3 35. Kg2 Bxa6 36. Kf3 Bb7+ 37.
Ke3 e5 38. Kd3 Bd5 39. f4 f6 40. Ke3 h6 41. g4 a5 42. fxe5 fxe5 43. Kd3 Kf6 44. Ke3 Kg5 0-1

[Event "Early-Titled-Tuesday-Blitz-February-20-2024"]
[Site "Chess.com"]
[Date "2024.02.20"]
[Round "6"]
[White "atalz0"]
[Black "rcmz"]
[Result "0-1"]
[WhiteElo "2384"]
[BlackElo "2197"]
[TimeControl "180+1"]
[EndTime "9:09:26 PST"]
[Termination "rcmz won on time"]

1. d4 d6 2. e4 Nd7 3. Bc4 c6 4. Nf3 h6 5. O-O g5 6. Nc3 Bg7 7.
Ne2 Qc7 8. Ng3 Kf8 9. Nh5 Ngf6 10. Nxg7 Kxg7 11. Re1 e5 12. c3 Nb6 13. Bb3 Bg4 14. a4 a5 15. Qd3 Rad8 16. Be3 Rhe8 17. Nd2 Be6 18. f3 Bxb3 19. Nxb3 Nbd7 20. Qd2 Nh7 21.
h4 f6 22. Qf2 Nhf8 23. dxe5 dxe5 24. Rad1 Ne6 25. Rd2 c5 26. Red1 b6 27. Rd5 Nb8 28.
Nd2 Rxd5 29. exd5 Nf4 30. Bxf4 exf4 31. hxg5 hxg5 32. Ne4 Nd7 33. d6 Qc6 34. Qd2 Ne5 35. Qd5 Qxd5 36. Rxd5 Rd8 37. Kf2 Kf7 38. Rd1 Ke6 39.
b3 Nf7 40. Re1 Ne5 41. Re2 Nd3+ 42. Kf1 Ne5 43. Rd2 Nf7 44. Re2 Ne5 45. Rd2 Nf7 46.
Re2 Kf5 47. Re1 Ne5 48. Rd1 Kg6 0-1

[Event "Early-Titled-Tuesday-Blitz-February-20-2024"]
[Site "Chess.com"]
[Date "2024.02.20"]
[Round "6"]
[White "Preobrazhenska_D2011"]
[Black "CarlosjPineror"]
[Result "0-1"]
[WhiteElo "2377"]
[BlackElo "2571"]
[TimeControl "180+1"]
[EndTime "9:09:30 PST"]
[Termination "CarlosjPineror won by checkmate"]

1. e4 c5 2. Nf3 e6 3. d4 cxd4 4.
Nxd4 a6 5. Bd3 Qc7 6. O-O Nf6 7. Qe2 h5 8. h3 d6 9. c4 Be7 10. b3 Nbd7 11. Bb2 b6 12. Nc3 Bb7 13. Rad1 g5 14.
Rfe1 g4 15. h4 Ne5 16. Bc2 Rg8 17. g3 Rc8 18. Qe3 Ng6 19. Ba3 Nd7 20. Ndb5 axb5 21.
Nxb5 Qb8 22. Bxd6 Bxd6 23. Nxd6+ Ke7 24. Qg5+ f6 25. Qh6 Ndf8 26. Nxc8+ Qxc8 27. Qd2 Qc7 28. Qb4+ Qc5 29. Qd2 Ne5 30. Qd8+ Kf7 31. Kf1 Qc8 32. Qd6 Nfd7 33. Qb4 Qc5 34. Qxc5 bxc5 35. Rd6 Ke7 36. Red1 Ra8 37. a4 Bc8 38. R6d2 Nc6 39. Ra1 Nb4 40. a5 Ne5 41. Bd1 Nec6 42. a6 Nd4 43. Ra3 Rxa6 44. Rxa6 Nxa6 45. Ra2 Nb4 46. Ra7+ Bd7 47. Kg2 Kd6 48.
Kf1 Bc6 49. Ke1 Bxe4 50. Rf7 f5 51. Rh7 Bf3 52. Rxh5 Nd3+ 53. Kd2 Nxf2 54. Rh8 Ne4+ 55. Ke1 Nxg3 56. h5 Bxd1 57. Kxd1 f4 58. h6 f3 59. h7 f2 60. Rd8+ Kc6 61. Rf8 Ndf5 62. h8=Q f1=Q+ 63. Kd2 Qe2+ 64. Kc3 Ne4# 0-1

[Event "Early-Titled-Tuesday-Blitz-February-20-2024"]
[Site "Chess.com"]
[Date "2024.02.20"]
[Round "6"]
[White "Jospem"]
[Black "tptagain"]
[Result "1-0"]
[WhiteElo "3095"]
[BlackElo "2977"]
[TimeControl "180+1"]
[EndTime "9:09:32 PST"]
[Termination "Jospem won by resignation"]

1. e4 c6 2. d4 d5 3. e5 Bf5 4. h4 h6 5. Bd3 Bxd3 6. cxd3 e6 7.
Nf3 c5 8. dxc5 Bxc5 9. d4 Bb6 10. Nc3 Nc6 11. h5 Nge7 12. Ne2 Qd7 13. Rh4 O-O-O 14. Bd2 f6 15. Rg4 Nf5 16. a4 Ba5 17. Kf1 Kb8 18. Rb1 Bxd2 19. Qxd2 Rc8 20. Nf4 Nce7 21. Re1 Rc6 22.
exf6 gxf6 23. Ng6 Nxg6 24. Rxg6 Ka8 25. g4 Nd6 26. Qf4 Ne4 27. Re2 a6 28. Kg2 Qh7 29. Nh4 Rhc8 30. Qxh6 Qd7 31. Rxf6 Rc2 32. Rxc2 Rxc2 33.
Rf8+ Ka7 34. Qe3 Qg7 35. Ng6 Rxb2 36. a5 Ra2 37. Qb3 Rxa5 38. f3 Nd6 39. Qb4 Qc7 40. Kh3 Ne4 41. fxe4 Rb5 42. Qa3 dxe4 43. Ne5 e3 44.
Qxe3 Qb6 45. Rf3 Rb1 46. Kh4 a5 47. h6 Qd8+ 48. g5 Rh1+ 49. Rh3 Rf1 50. h7 Rf5 51. Kg4 Ka8 52. h8=Q 1-0

[Event "Early-Titled-Tuesday-Blitz-February-20-2024"]
[Site "Chess.com"]
[Date "2024.02.20"]
[Round "6"]
[White "jens1102"]
[Black "Sanan_Sjugirov"]
[Result "1/2-1/2"]
[WhiteElo "2719"]
[BlackElo "2898"]
[TimeControl "180+1"]
[EndTime "9:09:32 PST"]
[Termination "Game drawn - insufficient material"]

1. e4 c5 2. Nf3 Nc6 3. d4 cxd4 4. Nxd4 Nf6 5. Nc3 e5 6. Ndb5 d6 7. Bg5 a6 8. Na3 b5 9. Nd5 Be7 10. Bxf6 Bxf6 11. c3 Bg5 12. Nc2 Ne7 13. Nce3 O-O 14. g3 Bxe3 15. Nxe3 Be6 16. Bg2 Qb6 17. O-O Rad8 18.
Qd3 f5 19. exf5 Nxf5 20. Nd5 Qa7 21. a4 bxa4 22. Rxa4 Bc8 23. b4 Qf7 24. Nb6 Be6 25. Qxa6 d5 26. Ra5 e4 27. Qa7 Qg6 28. c4 dxc4 29. Bxe4 Qg4 30. Bg2 c3 31. Qc7 Qxb4 32. Rc5 Nd4 33. Rg5 Bf7 34. Nd5 Qd6 35. Qxd6 Ne2+ 36.
Kh1 Rxd6 37. Re1 Bxd5 38. Bxd5+ Rxd5 39. Rxd5 c2 40. Rc5 c1=Q 41. Rcxc1 Nxc1 42. Rxc1 Rxf2 43. Kg1 Rd2 44. Rf1 h5 45. Rf2 Rd4 46. Kg2 Kh7 47. Ra2 g5 48. Ra6 Kg7 49. h4 gxh4 50. gxh4 Rxh4 51.
Kg3 Rg4+ 52. Kh3 Rg6 53. Rxg6+ Kxg6 54. Kh2 h4 55. Kh1 h3 56. Kg1 h2+ 57. Kh1 Kg5 58.
Kxh2 1/2-1/2

[Event "Early-Titled-Tuesday-Blitz-February-20-2024"]
[Site "Chess.com"]
[Date "2024.02.20"]
[Round "6"]
[White "Bigfish1995"]
[Black "Byniolus"]
[Result "1-0"]
[WhiteElo "3170"]
[BlackElo "2830"]
[TimeControl "180+1"]
[EndTime "9:09:34 PST"]
[Termination "Bigfish1995 won by resignation"]

1. e4 d6 2. d4 Nf6 3. Nc3 c6 4. f4 Qb6 5. e5 Nd5 6. Ne4 dxe5 7. fxe5 Bf5 8. Ng3 Bg6 9. a3 e6 10. c4 Ne7 11. Nf3 Nf5 12. Nxf5 Bxf5 13. c5 Qd8 14. Be3 Be7 15. b4 Na6 16. Bxa6 bxa6 17. O-O O-O 18.
Nd2 Qd5 19. Qe2 a5 20. Nc4 axb4 21. axb4 Rfb8 22. Ra4 Be4 23. Rfa1 Qd8 24. Nd6 Bd5 25. Bd2 Qd7 26. R1a3 f5 27. Qh5 Bf8 28. Rg3 g6 29. Bh6 a5 30. Rxg6+ hxg6 31. Qxg6+ Bg7 32. Ra3 axb4 33.
Rg3 Ra1+ 34. Kf2 Ra2+ 35. Ke1 Rxg2 36. Rxg2 Bxg2 37. Bxg7 Qxg7 38. Qxe6+ Kh8 39. Nxf5 Qg5 40. Qd6 Ra8 41. Qe6 Ra1+ 42. Ke2 Bf1+ 43. Kf3 Qh5+ 44. Kf4 Qxh2+ 45. Kg5 Qh7 46. Qf6+ Kg8 47. Ne7+ Qxe7 48.
Qxe7 b3 49. Qd8+ Kg7 50. Qd7+ Kg8 51. Qc8+ Kg7 52. Qb7+ Kg8 53. Qxb3+ 1-0

[Event "Early-Titled-Tuesday-Blitz-February-20-2024"]
[Site "Chess.com"]
[Date "2024.02.20"]
[Round "6"]
[White "Lukianoo"]
[Black "angelgab3"]
[Result "1-0"]
[WhiteElo "2907"]
[BlackElo "2764"]
[TimeControl "180+1"]
[EndTime "9:09:34 PST"]
[Termination "Lukianoo won by resignation"]

1. e4 e5 2. d4 Nc6 3. dxe5 Nxe5 4. f4 Nc6 5. Nf3 Nf6 6. Bd3 Bc5 7. Qe2 O-O 8. Be3 Bxe3 9. Qxe3 Re8 10. O-O Nxe4 11.
Bxe4 d5 12. Bxh7+ Kxh7 13. Ng5+ Kg8 14. Qd3 g6 15. Nc3 d4 16. Ne2 Bf5 17. Qd2 Qe7 18. Nxd4 Nxd4 19. Qxd4 Bxc2 20. Rae1 Qxe1 21. Rxe1 Rxe1+ 22.
Kf2 Rae8 23. Qc4 R8e2+ 24. Kg3 Re3+ 25. Kh4 Re7 26. Qxc2 R1e2 27. Qc5 f6 28. Nf3 Rh7+ 29. Kg3 Rhe7 30. Qd5+ Kg7 31. Qxb7 a5 32. a4 R2e4 33. b3 Rb4 34. Qa6 Rxb3 35. Qxa5 Rbe3 36. Qc5 R3e4 37. a5 c6 38. a6 Rf7 39. Nd4 Re3+ 40. Kf2 Rd3 41.
Ne6+ Kh7 42. a7 Rd2+ 43. Kg3 Ra2 44. f5 Rfxa7 45. fxg6+ Kxg6 46. Nf4+ Kf7 47. Qxc6 R2a5 48. Qe6+ Kg7 49. Nh5+ Rxh5 50. h4 Rg5+ 51. hxg5 Ra3+ 52. Kg4 Ra4+ 53. Kh5 Rf4 54. Qe7+ 1-0

[Event "Early-Titled-Tuesday-Blitz-February-20-2024"]
[Site "Chess.com"]
[Date "2024.02.20"]
[Round "6"]
[White "hansen"]
[Black "SaiAgni_98"]
[Result "1-0"]
[WhiteElo "2908"]
[BlackElo "2572"]
[TimeControl "180+1"]
[EndTime "9:09:34 PST"]
[Termination "hansen won on time"]

1. e4 e6 2. d4 d5 3. Nc3 Bb4 4. e5 c5 5. a3 Bxc3+ 6. bxc3 Qa5 7. Bd2 Qa4 8. Qb1 c4 9. Nf3 Nc6 10. Be2 Nge7 11. O-O O-O 12. Re1 Rb8 13. h4 Bd7 14. Nh2 f5 15. exf6 Rxf6 16. Bg5 Rf7 17. Bh5 Ng6 18. Ng4 Qa5 19. Re3 Qc7 20. Qe1 Rbf8 21.
Qe2 Rf5 22. Bxg6 hxg6 23. Re1 Qd6 24. f3 Qxa3 25. f4 a5 26. Rg3 Nxd4 27. Qd2 Nc6 28. Ne3 R5f7 29. Qd1 Qxc3 30. h5 gxh5 31. Kh2 Qd4 32.
Qxh5 Be8 33. Rh3 g6 34. Qxg6+ Qg7 35. Qxe6 Nd4 36. Qxd5 Bc6 37. Qxc4 b5 38. Qa2 b4 39. Ng4 b3 40. cxb3 Qg6 41. Qb2 Rd7 42. Ne5 Qc2 43.
Qxc2 Nxc2 44. Rc1 Rd2 45. Nxc6 1-0

[Event "Early-Titled-Tuesday-Blitz-February-20-2024"]
[Site "Chess.com"]
[Date "2024.02.20"]
[Round "6"]
[White "viktorskliarov"]
[Black "annamaja"]
[Result "0-1"]
[WhiteElo "2573"]
[BlackElo "2401"]
[TimeControl "180+1"]
[EndTime "9:09:34 PST"]
[Termination "annamaja won on time"]

1. e4 e6 2. d4 d5 3. e5 c5 4.
c3 Bd7 5. Nf3 Qb6 6. Be2 Bb5 7.
c4 Bxc4 8. Bxc4 dxc4 9. d5 Ne7 10. d6 Nd5 11. O-O Nc6 12. a4 Qb3 13. Qe2 Qd3 14. Qe1 Ncb4 15. Na3 O-O-O 16. Be3 Nxe3 17. fxe3 f6 18. Rc1 Kb8 19. Rc3 Qd5 20. e4 Qc6 21. Nxc4 Qxa4 22. Qe2 Nc6 23. Ra3 Qb5 24. Rfa1 fxe5 25.
Qc2 Bxd6 26. Rb3 Nb4 27. Qc3 Bc7 28. Nfxe5 Rd4 29. Na3 Qe2 30. Nf3 Rd1+ 31. Rxd1 Qxd1+ 32. Qe1 Qxe1+ 33. Nxe1 Rd8 34. Nc4 Rd1 35. Kf2 Bxh2 36.
Ne3 Rc1 37. Nf3 Bc7 38. e5 Bb6 39. Kg3 a5 40. Ra3 Rb1 41. Ng5 Nd5 42. Nc4 Bc7 43. Nxe6 Rc1 44. b3 Rc3+ 45. Kf2 Nb4 46. Ra4 Nd3+ 47.
Kf1 Nxe5 0-1

[Event "Early-Titled-Tuesday-Blitz-February-20-2024"]
[Site "Chess.com"]
[Date "2024.02.20"]
[Round "6"]
[White "Polish_fighter3000"]
[Black "vugarrasulov"]
[Result "0-1"]
[WhiteElo "3048"]
[BlackElo "2945"]
[TimeControl "180+1"]
[EndTime "9:09:35 PST"]
[Termination "vugarrasulov won on time"]

1. e4 e5 2. Nc3 Nf6 3. Bc4 Nxe4 4.
Qh5 Nd6 5. Qxe5+ Qe7 6. Qxe7+ Bxe7 7. Bb3 Nc6 8. Nd5 Bd8 9. c3 O-O 10. d4 Re8+ 11. Ne3 Na5 12. Nf3 b6 13. O-O Bb7 14. Ne5 Nxb3 15. axb3 f6 16. Nd3 a5 17. f3 Nb5 18. h4 Kf7 19. Kf2 d5 20. h5 c6 21.
Nf5 Bc8 22. Ng3 Nd6 23. Bf4 Nf5 24. Ne2 g5 25. hxg6+ hxg6 26. g4 Ng7 27. Rh1 g5 28. Bd6 Ba6 29. Rad1 Re6 30. Bg3 Be7 31. Nec1 Re8 32.
Rde1 Rxe1 33. Rxe1 Bd8 34. Rh1 Kg6 35. Bd6 Ne6 36. Ne1 c5 37. Nc2 cxd4 38. Nxd4 Nxd4 39. cxd4 f5 40. gxf5+ Kxf5 41. Be5 Be7 42. Na2 Rc8 43.
Nc3 Bb4 44. Nxd5 Rc2+ 45. Kg3 Rxb2 46. Nxb4 axb4 47. Rh6 g4 48. Rf6+ Kg5 49. Rxb6 Bf1 0-1

[Event "Early-Titled-Tuesday-Blitz-February-20-2024"]
[Site "Chess.com"]
[Date "2024.02.20"]
[Round "6"]
[White "guillembaches"]
[Black "ChessSwole"]
[Result "1/2-1/2"]
[WhiteElo "2529"]
[BlackElo "2673"]
[TimeControl "180+1"]
[EndTime "9:09:36 PST"]
[Termination "Game drawn by repetition"]

1. d4 Nf6 2. Nf3 b6 3. Bg5 e6 4. Nbd2 Bb7 5. e3 Be7 6. Bd3 d5 7. O-O O-O 8. c3 c5 9. Ne5 Ba6 10. Bxa6 Nxa6 11. Qe2 Nb8 12. f4 Nfd7 13. Bxe7 Qxe7 14.
Ndf3 f6 15. Nxd7 Qxd7 16. e4 cxd4 17. Nxd4 Re8 18. Rad1 Nc6 19. Qb5 Nb8 20. exd5 exd5 21. Qxd7 Nxd7 22. Nb5 Re2 23. Rf2 Rae8 24. Rxd5 Nc5 25.
Rd2 Rxf2 26. Rxf2 Nd3 27. Rf1 Re2 28. Nxa7 Rxb2 29. Nc6 Rxa2 30. Ne7+ Kf7 31. Nd5 Rb2 32. g3 Ke6 33. Ne3 h5 34. Rd1 Nc5 35. Nc4 Rc2 36. Nxb6 Rxc3 37. Nd5 Rc2 38. Ne3 Ra2 39. Rc1 Ne4 40.
Rc2 Ra3 41. Nf1 Kf5 42. Kg2 h4 43. Re2 Nc3 44. Rc2 Nd5 45. Rd2 h3+ 46. Kf2 Nc3 47.
Ne3+ Ke4 48. Nc4 Ra2 49. Rxa2 Nxa2 50. Nd6+ Kd5 51. Ne8 Ke4 52. Nxg7 Nc3 53. Nh5 Kf5 54. Ng7+ Ke4 55. Nh5 Kf5 56. Ng7+ Ke4 1/2-1/2

[Event "Early-Titled-Tuesday-Blitz-February-20-2024"]
[Site "Chess.com"]
[Date "2024.02.20"]
[Round "6"]
[White "dimoni64"]
[Black "JaackCamel"]
[Result "0-1"]
[WhiteElo "2085"]
[BlackElo "2194"]
[TimeControl "180+1"]
[EndTime "9:09:36 PST"]
[Termination "JaackCamel won by checkmate"]

1. d4 d5 2. c4 e6 3. Nc3 c6 4. e4 dxe4 5. Nxe4 Bb4+ 6. Bd2 Qxd4 7. Bxb4 Qxe4+ 8. Be2 Na6 9. Bd6 Qxg2 10. Bf3 Qg5 11. Nh3 Qf5 12. Nf4 Nf6 13. Rg1 g5 14. Ng2 h6 15. Ne3 Qa5+ 16. Kf1 Bd7 17. Qd4 O-O-O 18. Qxf6 e5 19. Qxe5 Bh3+ 20. Bg2 Bxg2+ 21. Kxg2 Qd2 22. Rad1 Qe2 23. Qf5+ Rd7 24. Be5 Rd8 25. Rxd7 Rxd7 26.
Rd1 Nc5 27. b4 Nd3 28. Bg3 Kd8 29. Qf6+ Ke8 30. Qxh6 Nf4+ 31. Bxf4 Rxd1 32. Nxd1 gxf4 33. Qh8+ Ke7 34. Qh4+ Ke8 35. Qh8+ Ke7 36. Nc3 Qg4+ 37. Kf1 f3 38. Qe5+ Kf8 39. Qd6+ Ke8 40. Qe5+ Kf8 41.
Qh8+ Ke7 42. Qd4 Qxd4 43. Nb5 cxb5 44. c5 Qxb4 45. h4 Qxc5 46. Kg1 Qc1+ 47. Kh2 Qf1 48. Kg3 Qg2+ 49. Kf4 Qxf2 50. h5 Qxa2 51. h6 f2 52. h7 Qa1 53. Kg4 Qh8 54. Kf3 Qxh7 55. Kxf2 Qh4+ 56. Ke2 Qh3 57. Kd2 Kd6 58. Kc2 Kd5 59. Kb2 Kc4 60. Kc2 Qg2+ 61. Kc1 Kd3 62. Kd1 Qf1# 0-1

[Event "Early-Titled-Tuesday-Blitz-February-20-2024"]
[Site "Chess.com"]
[Date "2024.02.20"]
[Round "6"]
[White "PositionalPanther"]
[Black "Karttunen"]
[Result "0-1"]
[WhiteElo "2516"]
[BlackElo "2676"]
[TimeControl "180+1"]
[EndTime "9:09:37 PST"]
[Termination "Karttunen won by checkmate"]

1. Nf3 d5 2. g3 Nf6 3. Bg2 c5 4. d4 cxd4 5. Nxd4 e5 6. Nb3 h6 7.
O-O Be7 8. N1d2 O-O 9. c4 d4 10. Ne4 Nfd7 11. f4 Nc6 12. fxe5 Ndxe5 13. Bf4 Nxc4 14. Rc1 Nxb2 15. Qd2 Na4 16. Bxh6 Nc3 17.
Bf4 Bb4 18. Nxc3 dxc3 19. Qxd8 Rxd8 20. a3 Bxa3 21. Rxc3 Bg4 22. e3 Bb4 23. Rc4 Be2 24. Rfc1 Bxc4 25. Rxc4 Rd1+ 26. Kf2 a5 27. Bxc6 bxc6 28.
Rxc6 a4 29. Nd4 a3 30. Nf5 a2 31. Be5 a1=Q 32. Bxa1 Rdxa1 33. h4 Bf8 34. h5 R8a2+ 35.
Kf3 Rf1+ 36. Ke4 Ra4+ 37. Nd4 Ra5 38. g4 Rg5 39. Rc8 Rxg4+ 40. Kd5 Rg5+ 41. Kc6 Rc1+ 42. Kd7 Rxc8 43. Kxc8 Rxh5 44. e4 Re5 45. Kd7 Rxe4 46. Nf5 Re6 47. Kd8 g6 48. Nd4 Rd6+ 49. Ke8 Bg7 50.
Nf5 gxf5 51. Ke7 Be5 52. Ke8 Rd5 53. Ke7 Kg7 54. Ke8 Rd1 55. Ke7 Bf6+ 56. Ke8 Rd8# 0-1